 Dungeon Crawl Stone Soup version 0.28-a0-474-g535839065c (webtiles) character file.

Game seed: 17593313162900764543

0 spiderkeys the Skirmisher (level 1, -1/16 HPs)
             Began as an Octopode Abyssal Knight on Sept 15, 2021.
             Was a Follower of Lugonu.
             Killed by divine providence
             ... invoked by a smoke demon
              (11 damage)
             ... on level 4 of the Abyss.
             The game lasted 00:00:44 (150 turns).

spiderkeys the Skirmisher (Octopode Abyssal Knight)  Turns: 150, Time: 00:00:44

Health: -1/16      AC:  1    Str: 11    XL:     1   Next: 0%
Magic:  2/2        EV: 13    Int: 14    God:    Lugonu [*.....]
Gold:   72         SH:  0    Dex: 11    Spells: 0/0 levels left

rFire   . . .      SeeInvis .   a - +1 spear
rCold   . . .      Faith    .   (no shield)
rNeg    . . .      Spirit   .   (helmet restricted)
rPois   .          Reflect  .   (no amulet)
rElec   .          Harm     .   (no ring)
rCorr   .          Rampage  .   (no ring)
Will    .....                   (no ring)
Stlth   ++........              (no ring)
HPRegen 0.05/turn               (no ring)
MPRegen 0.08/turn               (no ring)
                                (no ring)
                                (no ring)

@: no status effects
A: almost no armour, amphibious, 8 rings, camouflage 1, gelatinous body 1,
(nimble swimmer 1), tentacles
a: Renounce Religion, Depart the Abyss


You were on level 4 of the Abyss.
You worshipped Lugonu.
Lugonu was aware of your devotion.
You visited 0 branches of the dungeon, and saw 0 of its levels.
You visited the Abyss 1 time.

You collected 72 gold pieces.


Innate Abilities, Weirdness & Mutations

You cannot wear most types of armour.
You are amphibious.
You can wear up to eight rings at the same time.
Your skin changes colour to match your surroundings (Stealth+).
Your rubbery body absorbs attacks. (AC +1, EV +1)
((You are camouflaged near water. (Stealth+)))
You have tentacles for arms and can constrict up to eight enemies at once.


   Skills:
 + Level 3.0 Fighting
 + Level 2.0 Polearms
 + Level 2.3 Dodging
 + Level 2.0 Invocations


You couldn't memorise any spells.
You didn't know any spells.
Your spell library was empty.

Inventory:

Hand Weapons
 a - a +1 spear (weapon)
Missiles
 b - 8 arrows
 c - 25 stones
Jewellery
 d - a ring of willpower
   (You found it on level 4 of the Abyss)
Scrolls
 e - a scroll of fog {unknown}

Dungeon Overview and Level Annotations

Branches:
Dungeon (0/15)

Altars:

..# .## #.#
##.. .#
#X##..# .
#....# .#
#....# .# #..
.## ##.####
..## ##..(#.#
...###...@.##
.........###
.#.##{ยง.#.
.##.ยง##3###
.#..#####
###.# #.. #


You could see a large abomination, a smoke demon and a +2 long sword of holy
wrath.


Message History

๐Ÿค– Initializing magus.rc ...
Options error: Delay interrupt name "hungry" not recognised. (~/.crawlrc:4988) โœ… Successfully initialized magus.rc [v1.9.10] Welcome, spiderkeys the Octopode Abyssal Knight.
It is said that the Orb of Zot exists deep within this dungeon.
Lugonu says: Depart the Abyss and spread corruption, my servant! (use the ability menu to exit the Abyss) Press ? for a list of commands and other information.
Found a corrupted altar of Lugonu.
Found a gateway leading deeper into the Abyss.
Found a gateway leading out of the Abyss.
There is a gateway leading deeper into the Abyss here.
You plunge deeper into the Abyss.
Found 8 arrows.
Found a gateway leading deeper into the Abyss.
There is a gateway leading deeper into the Abyss here.
b - 8 arrows
Found a gateway leading deeper into the Abyss.
c - 25 stones You now have 48 gold pieces.
Unknown command.
You now have 72 gold pieces (gained 24).
An ufetubus comes into view.
There is a gateway leading deeper into the Abyss here.
You plunge deeper into the Abyss.
The abyssal rune of Zot can be found at this depth.
Found a gateway leading deeper into the Abyss.
There is a gateway leading deeper into the Abyss here.
There is a gateway leading deeper into the Abyss here.
You plunge deeper into the Abyss.
The abyssal rune of Zot can be found at this depth.
A tentacled starspawn comes into view.
A tentacle flies out from the starspawn's body!
A starspawn tentacle comes into view.
The starspawn tentacle grabs you.
The starspawn tentacle constricts you. ๐Ÿ˜• HP[-3]
You take 3 damage, and now have 13/16 hp.
You escape the starspawn tentacle's grasp.
A starspawn tentacle comes into view.
You see here 31 gold pieces.
The starspawn tentacle grabs you.
The starspawn tentacle constricts you. ๐Ÿ˜ฎ HP[-3]
You take 3 damage, and now have 10/16 hp.
You escape the starspawn tentacle's grasp.
The starspawn tentacle closely misses you. x2
The starspawn tentacle grabs you. The starspawn tentacle constricts you.
* * * LOW HITPOINT WARNING * * *
๐Ÿ˜จ HP[-3]
You take 3 damage, and now have 7/16 hp.
You escape the starspawn tentacle's grasp.
d - a ring of willpower ๐Ÿ˜จ HP[+1] ๐Ÿ˜ฎ HP[+1]
e - a scroll labelled TAQOME ALILIAKK You see here a +2 vorpal falchion. ๐Ÿ˜ฎ HP[+1]
A smoke demon comes into view.
A dancing weapon and a large abomination come into view.
There is a +2 long sword of holy wrath.
The +2 long sword of holy wrath barely misses you.
The smoke demon gestures at you. Something smites you!
Ouch! That really hurt!
You die...

Action                   || total
-------------------------++-------
Dodge: Dodged            ||     3

Levels and vault maps discovered:
Abyss:4:  base: Temple, nicolae_abyss_rune_star_stuff, evilmike_abyss_exit_13,
          evilmike_abyss_rune_tso_outpost, evilmike_abyss_rune_tso_outpost,
          evilmike_abyss_exit_5, hangedman_relentless_pull

Notes
Turn   | Place    | Note
-------+----------+-------------------------------------------
     0 | Abyss:1  | spiderkeys the Octopode Abyssal Knight began the quest for
                  | the Orb.
     0 | Abyss:1  | Reached XP level 1. HP: 16/16 MP: 2/2
     0 | Abyss:1  | magus.rc [v1.9.10]
    80 | Abyss:4  | Noticed a tentacled starspawn
   143 | Abyss:4  | Noticed a smoke demon
   145 | Abyss:4  | Noticed a +2 long sword of holy wrath
   145 | Abyss:4  | Noticed a large abomination
   150 | Abyss:4  | Killed from afar by a smoke demon

Vanquished Creatures (others)
  2 starspawn tentacles (Abyss:4)
2 creatures vanquished.

Table legend:
 A = Non-vault XP
 B = Vault XP
 C = Vault XP percentage of total XP
 D = Non-vault monster count
 E = Vault monster count
 F = Vault count percentage of total count
                 A         B        C        D         E       F
            +---------+---------+-------+---------+---------+-------
      Total |       0 |       0 |   N/A |       0 |       0 |  -nan
            +---------+---------+-------+---------+---------+-------
            +---------+---------+-------+---------+---------+-------

Illustrated notes

Table legend: (Time is in decaauts)
 A = Elapsed time spent in this place.
 B = Non-inter-level travel time spent in this place.
 C = Inter-level travel time spent in this place.
 D = Time resting spent in this place.
 E = Time spent auto-exploring this place.
 F = Levels seen in this place.
 G = Mean time per level.
                   A        B        C        D        E       F      G
               +--------+--------+--------+--------+--------+-----+--------+
         Total |    149 |    149 |      0 |      0 |     11 |   4 |   37.2 |
         Abyss |    149 |    149 |      0 |      0 |     11 |   4 |   37.2 |
               +--------+--------+--------+--------+--------+-----+--------+

Top non-repeatable levels by time:
 Abyss:4: 72 daAuts
 Abyss:2: 35 daAuts
 Abyss:3: 34 daAuts
 Abyss:1: 6 daAuts
